 Dungeon Crawl Stone Soup version 0.16.2-12-gd0ad4c3 (webtiles) character file.

1712 SlimeFever the Covered (level 9, 0/68 HPs)
             Began as a Formicid Fighter on Oct 12, 2015.
             Was an Initiate of the Shining One (penitent).
             Slain by a goblin (3 damage)
             ... summoned by a shadow trap
             ... triggered by the player character
             ... on level 7 of the Dungeon.
             The game lasted 00:41:40 (5174 turns).

SlimeFever the Covered (Formicid Fighter)           Turns: 5174, Time: 00:41:40

Health: 0/68       AC: 15    Str: 24    XL:     9   Next: 24%
Magic:  12/12      EV: 10    Int:  8    God:    the Shining One [*]
Gold:   85         SH: 11    Dex: 13    Spells: 0 memorised, 8 levels left

rFire  . . .     SeeInvis +     a - +1 mace (holy)
rCold  . . .     Clarity  .     w - +2 scale mail {MR+}
rNeg   . . .     SustAb   .     c - +0 shield
rPois  +         Gourm    .     (helmet unavailable)
rElec  .         Spirit   .     E - +1 cloak {rPois}
rCorr  .         Warding  .     r - +0 pair of gloves {Dex+3}
rMut   .         Stasis   +     (no boots)
MR     +....                    (no amulet)
Stlth  ..........               s - +2 ring of protection
                                f - ring of poison resistance

@: flying, somewhat resistant to hostile enchantments, extremely unstealthy
A: permanent stasis, dig shafts and tunnels, four strong arms, antennae 3
a: Dig, Shaft Self, Renounce Religion


You were on level 7 of the Dungeon.
You worshipped the Shining One.
The Shining One was demanding penance.
You were hungry.

You visited 1 branch of the dungeon, and saw 7 of its levels.

You collected 361 gold pieces.
You spent 276 gold pieces at shops.

Inventory:

Hand weapons
 a - a +1 mace of holy wrath (weapon)
 b - a +0 hunting sling
 u - a +0 flail
Missiles
 g - 9 steel sling bullets
 j - a steel javelin (quivered)
 x - 5 tomahawks
Armour
 c - a +0 shield (worn)
 p - a +0 ring mail
 r - a +0 pair of gloves of dexterity (worn)
 w - a +2 scale mail of magic resistance (worn)
 E - a +1 cloak of poison resistance (worn)
Jewellery
 f - a ring of poison resistance (left hand)
 l - an uncursed ring of protection from fire
 m - an uncursed ring of protection from fire
 s - a +2 ring of protection (right hand)
Scrolls
 F - a scroll of identify
Potions
 e - a potion of might
 i - a potion of beneficial mutation {unknown}
 k - a potion of invisibility {unknown}
 n - a potion of ambrosia {unknown}
 o - a potion of cancellation {unknown}
 q - a potion of agility
 t - 2 potions of curing
 A - a potion of haste {unknown}
 D - a potion of mutation {unknown}
Books
 v - a book of Control

   Spells                             Type                      Level
   a - Control Teleport               Charms/Translocation         4
   b - Control Undead                 Necromancy                   4
   c - Enslavement                    Hexes                        4
   d - Metabolic Englaciation         Hexes/Ice                    5
   e - Mass Confusion                 Hexes                        6
Comestibles
 d - 2 bread rations
 h - a slice of pizza
 z - 3 fruits
 B - a meat ration


   Skills:
 + Level 5.0 Fighting
 * Level 6.3 Maces & Flails
 + Level 1.1 Throwing
 * Level 7.4 Armour
 + Level 3.3 Dodging
 + Level 1.3 Stealth
 + Level 6.2 Shields


You had 8 spell levels left.
You didn't know any spells.

Dungeon Overview and Level Annotations

Branches:
Dungeon (7/15)
 Temple: D:4-7

Altars:
Elyvilon
Fedhas
Ru
Sif Muna
Zin
The Shining One

Shops:
D:5 =   D:6 *


Innate Abilities, Weirdness & Mutations

You are under a permanent stasis effect.
You can dig through walls and to a lower floor.
Your four strong arms can wield two-handed weapons with a shield.
You have a pair of large antennae on your head (SInv).


Message History

The hippogriff pecks you.
* * * LOW HITPOINT WARNING * * *
The hippogriff claws you but does no damage.
The hippogriff bites you but does no damage.
The hippogriff pecks you but does no damage.
The hippogriff claws you.
* * * LOW HITPOINT WARNING * * *
You block the goblin's attack.
It was a potion of flight.
You feel very buoyant.
You fly up into the air.
The goliath beetle bites you!
* * * LOW HITPOINT WARNING * * *
The hippogriff bites you but does no damage.
The hippogriff completely misses you. The hippogriff closely misses you.
The goblin closely misses you. The hippogriff closely misses you.
The hippogriff pecks you.
* * * LOW HITPOINT WARNING * * *
You block the hippogriff's attack.
You reach down and open the door.
The goblin hits you.
You die...

### #...
##################
#....#.H...............
#....'@g...B...^.......
+....#.................
#... #.................
#.. #..###..####..###+
#. #..####'####..#... +
#.............+...
+............†#...
#+########+##'#...
..........)..


You could see a goliath beetle, a hippogriff and a goblin.

Vanquished Creatures
  Eustachio (D:6)
  A deep elf fighter (D:6)
  Menkaure (D:5)
  An ogre (D:6)
  An orc warrior (D:6)
  An ice beast (D:5)
  2 phantoms
  Sigmund (D:2)
  Blork the orc (D:6)
  A gnoll sergeant (D:6)
  A wight (D:6)
  A goliath beetle (D:5)
  2 orc priests
  A crimson imp (D:6)
  2 hounds (D:4)
  A giant frog zombie (D:6)
  Natasha (twice) (D:5)
  2 orc wizards
  2 iguanas
  2 worker ants
  A hound skeleton (D:3)
  Robin (D:2)
  9 adders
  2 shadow imps
  2 giant mites
  A worm (D:3)
  2 giant geckos
  2 oozes
  15 orcs
  12 bats
  2 bat skeletons
  A bat zombie (D:6)
  13 goblins
  10 hobgoblins
  10 jackals
  2 giant cockroaches
  2 giant gecko skeletons (D:4)
  6 giant newts
  9 kobolds
  5 quokkas
  17 rats
151 creatures vanquished.

Notes
Turn   | Place    | Note
--------------------------------------------------------------
     0 | D:1      | SlimeFever, the Formicid Fighter, began the quest for the Orb.
     0 | D:1      | Reached XP level 1. HP: 18/18 MP: 1/1
    10 | D:1      | Noticed an electric eel
   179 | D:1      | Reached XP level 2. HP: 17/24 MP: 3/3
   632 | D:2      | Reached skill level 4 in Shields
   632 | D:2      | Reached XP level 3. HP: 25/29 MP: 4/4
   661 | D:2      | Found a deep blue altar of Sif Muna.
   931 | D:2      | Reached skill level 1 in Dodging
   931 | D:2      | Reached XP level 4. HP: 6/35 MP: 5/5
  1194 | D:2      | Found a sacrificial altar of Ru.
  1295 | D:2      | Noticed Sigmund
  1307 | D:2      | Killed Sigmund
  1307 | D:2      | Reached XP level 5. HP: 39/41 MP: 7/7
  1397 | D:2      | Noticed Robin
  1408 | D:2      | Killed Robin
  1785 | D:3      | Reached XP level 6. HP: 47/47 MP: 8/8
  1970 | D:3      | Found a glowing silver altar of Zin.
  2715 | D:4      | Found a white marble altar of Elyvilon.
  2738 | D:4      | Reached skill level 5 in Armour
  2903 | D:4      | Reached XP level 7. HP: 29/54 MP: 9/9
  3040 | D:4      | Found a glowing golden altar of the Shining One.
  3047 | D:4      | Became a worshipper of the Shining One
  3208 | D:5      | Entered Level 5 of the Dungeon
  3482 | D:5      | Found Ocwaurph's Jewellery Shoppe.
  3500 | D:5      | Bought a +2 ring of protection for 140 gold pieces
  3559 | D:5      | Was placed under penance by the Shining One
  3822 | D:5      | Reached skill level 5 in Maces & Flails
  3858 | D:5      | Noticed Natasha
  3861 | D:5      | Noticed Menkaure
  3863 | D:5      | Killed Natasha
  3863 | D:5      | Reached skill level 5 in Shields
  3880 | D:5      | Killed Menkaure
  3880 | D:5      | Reached skill level 1 in Throwing
  3880 | D:5      | Reached XP level 8. HP: 7/60 MP: 11/11
  3905 | D:5      | Found a blossoming altar of Fedhas.
  4137 | D:5      | Noticed Natasha
  4144 | D:5      | Killed Natasha
  4249 | D:6      | Noticed Eustachio
  4269 | D:6      | Reached skill level 6 in Armour
  4282 | D:6      | Killed Eustachio
  4282 | D:6      | Reached skill level 1 in Stealth
  4456 | D:6      | Noticed Blork the orc
  4481 | D:6      | Killed Blork the orc
  4545 | D:6      | Reached XP level 9. HP: 18/66 MP: 12/12
  4754 | D:6      | Reached skill level 7 in Armour
  4844 | D:6      | Found Demoaxu's Assorted Antiques.
  4852 | D:6      | Bought a glowing cloak for 94 gold pieces
  4852 | D:6      | Bought a scroll of identify for 42 gold pieces
  5087 | D:7      | Reached skill level 5 in Fighting
  5164 | D:7      | HP: 2/68 [goliath beetle[the player character] (11)]
  5174 | D:7      | Slain by a goblin

Action                   |  1- 3 |  4- 6 |  7- 9 || total
-------------------------+-------+-------+-------++-------
Melee: Flail             |   102 |   185 |       ||   287
       Mace              |       |    66 |   208 ||   274
Throw: Javelin           |       |     4 |     7 ||    11
       Tomahawk          |       |       |     2 ||     2
  Use: Scroll            |     1 |     3 |     4 ||     8
       Potion            |       |     4 |     4 ||     8
  Eat: Bread ration      |       |     2 |     1 ||     3
       Fruit             |       |       |     1 ||     1
